 Dungeon Crawl Stone Soup version 0.20-a0-465-g6513c8f (webtiles) character file.

1347 HarryHood the Cudgeler (level 8, -8/78 HPs)
             Began as a Gargoyle Fighter on Jan 13, 2017.
             Was an Initiate of Makhleb.
             Killed by divine providence
             ... invoked by an orc priest
              (12 damage)
             ... on level 6 of the Dungeon.
             The game lasted 00:16:09 (5006 turns).

HarryHood the Cudgeler (Gargoyle Fighter)           Turns: 5006, Time: 00:16:09

Health: -8/78      AC: 24    Str: 24    XL:     8   Next: 62%
Magic:  8/8        EV:  2    Int: 10    God:    Makhleb [......]
Gold:   228        SH: 10    Dex: 11    Spells: 7/7 levels left

rFire  . . .     SeeInvis .     y - +0 mace (holy)
rCold  . . .     Gourm    .     (armour currently unavailable)
rNeg   + + +     Faith    .     c - +1 shield
rPois  ∞         Spirit   .     (helmet currently unavailable)
rElec  .         Reflect  .     (cloak currently unavailable)
rCorr  .         Harm     .     (gloves currently unavailable)
MR     .....     NoTele   +     (boots currently unavailable)
Stlth  +.........               (no amulet)
                                (no ring)
                                q - +3 ring of strength

@: tree-form (expiring), drained
A: clever 1, negative energy resistance 1, (electricity resistance),
(unbreathing), petrification resistance, rot immunity, AC +5
a: Renounce Religion


You were on level 6 of the Dungeon.
You worshipped Makhleb.
Makhleb was noncommittal.
You were not hungry.
You were a tree.
You visited 2 branches of the dungeon, and saw 7 of its levels.

You collected 228 gold pieces.

Inventory:

Hand Weapons
 a - a +1 flail
 y - a +0 mace of holy wrath (weapon)
Armour
 b - a +0 scale mail (melded)
 c - a +1 shield (worn)
 o - a +0 cloak (melded)
Jewellery
 q - a +3 ring of strength (left branch)
Wands
 k - a wand of disintegration (6/24)
 r - a wand of lightning (7/15)
Scrolls
 h - a scroll of amnesia
 i - a scroll of teleportation {@r0}
 w - a scroll of remove curse {@r2}
Potions
 d - 3 potions of might
 e - a potion of flight
 j - 2 potions of cancellation
 m - a potion of brilliance
 n - a potion of magic {unknown}
 s - a potion of resistance {unknown}
 x - a potion of invisibility {unknown}
Comestibles
 f - 6 bread rations {@e1}
 t - 2 meat rations {@e1}
 v - a beef jerky {@e2}


   Skills:
 - Level 6.6(6.1) Fighting
 - Level 6.7(6.2) Maces & Flails
 - Level 6.0(5.6) Armour
 * Level 2.9(2.5) Dodging
 - Level 3.2(2.8) Shields


You had 7 spell levels left.
You didn't know any spells.

Dungeon Overview and Level Annotations

Branches:
Dungeon (6/15)             Temple (1/1) D:4

Altars:
Cheibriados
Gozag
Hepliaklqana
Kikubaaqudgha
Makhleb
Nemelex Xobeh
Okawaru
Qazlal
Ru
Sif Muna
Xom
Yredelemnul
Zin
The Shining One


Innate Abilities, Weirdness & Mutations

You are resistant to torment.
((Your stone body is resilient. (AC +5)))
You are immune to poison.
You resist negative energy. (rN+)
((You are resistant to electric shocks. (rElec)))
((You can survive without breathing.))
You are immune to petrification.
You are immune to rotting.
Your mind is acute. (Int +2)


Message History

You cannot move.
You barely miss the orc. You block the orc priest's attack.
The orc hits you but does no damage.
You hit the orc.
The orc is severely wounded.
Your transformation is almost over.
The quokka bites you but does no damage.
You block the orc priest's attack. The orc barely misses you.
The quokka bites you but does no damage.
You closely miss the orc.
The orc is severely wounded.
The orc priest hits you but does no damage.
The quokka bites you but does no damage.
You block the orc's attack.
You closely miss the orc.
The orc is severely wounded.
The quokka bites you but does no damage.
The orc priest mumbles some strange prayers to Beogh against you.
Beogh smites you!
You die...

#.#.....##
#......... ..
##.#####..
....#####.#
...
..........#
#.#
....##..###..#
> ##oo....#
##.####ro.#.#
......o♣###
...<##### ..


You could see an orc priest, 3 orcs and a quokka.

Vanquished Creatures
  Pikel (D:4)
  A phantom (D:5)
  A sky beast (D:5)
  A bullfrog (D:5)
  A water moccasin skeleton (D:4)
  A killer bee (D:6)
  A bullfrog skeleton (D:5)
  3 hounds
  Crazy Yiuf (D:4)
  A centaur skeleton (D:5)
  Ijyb (D:2)
  A worker ant (D:5)
  Natasha (thrice) (D:2)
  An iguana (D:5)
  3 gnolls (D:3)
  5 adders
  A shadow imp (D:5)
  3 oozes (D:3)
  An adder zombie (D:5)
  4 worms
  A dart slug (D:3)
  5 leopard geckos
  18 orcs
  2 giant cockroaches
  8 goblins
  6 hobgoblins
  10 jackals
  A ball python (D:1)
  13 bats
  8 frilled lizards
  5 kobolds
  8 rats
120 creatures vanquished.

Notes
Turn   | Place    | Note
-------+----------+-------------------------------------------
     0 | D:1      | HarryHood the Gargoyle Fighter began the quest for the Orb.
     0 | D:1      | Reached XP level 1. HP: 14/14 MP: 1/1
   387 | D:1      | Reached XP level 2. HP: 18/20 MP: 2/2
   392 | D:1      | Reached skill level 4 in Fighting
  1245 | D:2      | Noticed Ijyb
  1246 | D:2      | Reached XP level 3. HP: 24/24 MP: 3/3
  1261 | D:2      | Killed Ijyb
  1261 | D:2      | Reached skill level 5 in Fighting
  1368 | D:2      | Reached XP level 4. HP: 29/31 MP: 4/4
  1728 | D:2      | Noticed Natasha
  1733 | D:2      | Killed Natasha
  1733 | D:2      | Reached skill level 6 in Fighting
  1801 | D:2      | Reached XP level 5. HP: 36/36 MP: 5/5
  1810 | D:2      | Noticed Natasha
  1817 | D:2      | Killed Natasha
  1903 | D:2      | Noticed Natasha
  1910 | D:2      | Killed Natasha
  2207 | D:3      | Found a sparkling altar of Nemelex Xobeh.
  2345 | D:3      | Reached skill level 3 in Maces & Flails
  2349 | D:3      | Reached XP level 6. HP: 41/42 MP: 6/6
  3522 | D:4      | Noticed a slave
  3523 | D:4      | Noticed a slave
  3523 | D:4      | Noticed a slave
  3523 | D:4      | Noticed Pikel
  3523 | D:4      | Noticed a slave
  3534 | D:4      | Killed Pikel
  3534 | D:4      | Reached skill level 6 in Maces & Flails
  3534 | D:4      | Reached XP level 7. HP: 25/47 MP: 7/7
  3623 | D:4      | Reached skill level 4 in Armour
  3661 | D:4      | Found a staircase to the Ecumenical Temple.
  3671 | Temple   | Entered the Ecumenical Temple
  3965 | D:4      | Found a runed door.
  4254 | D:4      | Noticed Crazy Yiuf
  4260 | D:4      | Killed Crazy Yiuf
  4260 | D:4      | Reached XP level 8. HP: 52/52 MP: 8/8
  4314 | D:4      | Gained mutation: Your mind is acute. (Int +2) [potion of beneficial mutation]
  4317 | D:5      | Entered Level 5 of the Dungeon
  4327 | D:5      | Reached skill level 5 in Armour
  4439 | D:5      | Reached skill level 6 in Armour
  4544 | D:5      | Reached skill level 1 in Dodging
  4622 | D:5      | Reached skill level 2 in Dodging
  4654 | D:5      | Found a burning altar of Makhleb.
  4662 | D:5      | Became a worshipper of Makhleb the Destroyer
  4999 | D:6      | HP: 2/78 [orc priest/divine providence (13)]
  5006 | D:6      | Killed from afar by an orc priest

Vault maps used:
D:1:      tarquinn_simple_flora_water_a
D:2:      uniq_iyjb, uniq_natasha
D:3:      overflow_temple_1_default, first_bread
D:4:      uniq_crazy_yiuf_cottage, uniq_pikel
D:5:      lemuel_round_altar
D:6:      fedhas_altar_1, grunt_temple_overflow_cloverleaf
Temple:   minmay_temple_bridge_abc

Skill      XL: |  1  2  3  4  5  6  7  8 |
---------------+-------------------------+-----
Fighting       | 4 5 6 |  6.6
Maces & Flails | 3 6 |  6.7
Armour         | 4 6 |  6.0
Dodging        | 2 |  2.9
Shields        | |  3.2

Action                   |  1- 3 |  4- 6 |  7- 9 || total
-------------------------+-------+-------+-------++-------
Melee: Flail             |   132 |   190 |    40 ||   362
       Mace              |       |       |   165 ||   165
  Use: Scroll            |       |    10 |     7 ||    17
       Potion            |       |       |     2 ||     2
  Eat: Chunk             |     2 |     7 |     5 ||    14
Armor: Scale mail        |    82 |    98 |   127 ||   307
       Skin              |       |       |    52 ||    52
Dodge: Dodged            |    61 |    50 |    58 ||   169
Block: Shield            |    94 |    95 |   131 ||   320
